 Seeded DCSS version 0.30.1-9-gdf580d7c3d (webtiles) character file.

Game seed: 5 (custom seed)

189 Kazon the Grave Robber (level 5, 0/38 HPs)
             Began as a Demonspawn Necromancer on Oct 6, 2023.
             Was an Initiate of Okawaru.
             Slain by a black bear (3 damage)
             ... on level 4 of the Dungeon.
             The game lasted 00:15:32 (2243 turns).

Kazon the Grave Robber (Demonspawn Necromancer)     Turns: 2243, Time: 00:15:32

Health: 0/38       AC:  3    Str: 10    XL:     5   Next: 40%
Magic:  1/8        EV: 12    Int: 17    God:    Okawaru [......]
Gold:   178        SH:  0    Dex: 19    Spells: 5/9 levels left

rFire   . . .        c - staff of death
rCold   . . .        (no shield)
rNeg    + . .        a - +0 robe
rPois   .            (helmet restricted)
rElec   .            (no cloak)
rCorr   .            (no gloves)
SInv    .            (no boots)
Will    .....        (no amulet)
Stlth   ++           w - +6 ring of dexterity
HPRegen 0.26/turn    (no ring)
MPRegen 0.11/turn

%: no passive effects
@: no status effects
A: antennae 1, rugged brown scales 1, powered by death 1
a: Renounce Religion


You were on level 4 of the Dungeon.
You worshipped Okawaru.
Okawaru was noncommittal.
You visited 2 branches of the dungeon, and saw 5 of its levels.

You collected 178 gold pieces.

Inventory:

Hand Weapons
 e - a +2 vampiric dagger
Missiles
 d - 15 stones
 i - 3 boomerangs
Armour
 a - a +0 robe (worn)
 u - a +0 leather armour
Magical Staves
 c - a staff of death (weapon)
Jewellery
 p - a ring of magical power
 w - a +6 ring of dexterity (left hand)
Scrolls
 g - a scroll of vulnerability {unknown}
 j - a scroll of blinking {unknown}
 k - a scroll of teleportation {unknown}
 l - a scroll of summoning {unknown}
 m - 2 scrolls of identify {unknown}
 n - 2 scrolls of magic mapping {unknown}
 q - a scroll of fog {unknown}
 v - a scroll of torment {unknown}
Potions
 b - 2 potions of magic
 f - a potion of resistance {unknown}
 h - 3 potions of curing {unknown}
 r - a potion of flight {unknown}
 s - a potion of berserk rage {unknown}
 t - a potion of invisibility {unknown}
 x - 2 potions of heal wounds {unknown}


   Skills:
 * Level 1.4 Fighting
 * Level 1.1 Staves
 * Level 0.7 Throwing
 * Level 0.5 Armour
 + Level 2.1 Dodging
 + Level 2.3 Stealth
 + Level 2.5 Spellcasting
 + Level 5.3 Necromancy
 * Level 0.8 Invocations
 * Level 1.6 Evocations


You had 5 spell levels left.
You knew the following spells:

 Your Spells              Type           Power      Damage    Failure   Level
a - Necrotise             Necr           100%       1d9       1%          1
b - Vampiric Draining     Necr           30%        2d8       6%          3

Your spell library contained the following spells:

 Spells                   Type           Power      Damage    Failure   Level
 Frozen Ramparts          Ice            4%         1d1       50%         3
 Agony                    Necr           30%        N/A       50%         5
 Ice Form                 Ice/Tmut       2%         N/A       88%         4
 Animate Dead             Necr           Unusable   N/A       N/A         4
 Summon Ice Beast         Ice/Summ       Unusable   N/A       N/A         4

Dungeon Overview and Level Annotations

Branches:
Dungeon (4/15)             Temple (1/1) D:4

Altars:
Fedhas
Gozag
Okawaru
Qazlal
Trog
Uskayaw
Wu Jian


Innate Abilities, Weirdness & Mutations

You have a pair of small antennae on your head.
You are partially covered in rugged brown scales. (AC +1, +3% HP)
You regenerate a little health from kills.


Message History

The black bear claws you but does no damage.
The black bear claws you.
You closely miss the black bear.
The black bear is heavily wounded.
The black bear misses you.
The black bear claws you but does no damage.
The black bear closely misses you.
You closely miss the black bear.
The black bear is heavily wounded.
The black bear bites you but does no damage.
The black bear claws you. x2
You barely miss the black bear.
The black bear is heavily wounded.
The black bear barely misses you. The black bear closely misses you.
The black bear claws you.
You hit the black bear but do no damage.
The black bear is heavily wounded.
The black bear misses you. The black bear barely misses you. x2
You hit the black bear.
The black bear is severely wounded.
The black bear completely misses you. The black bear misses you. x2
The black bear bites you! The black bear closely misses you.
The black bear completely misses you.
You hit the black bear.
The black bear is severely wounded.
The black bear barely misses you. The black bear claws you. x2
* * * LOW HITPOINT WARNING * * *
You hit the black bear.
The black bear is almost dead.
The black bear goes berserk!
You hit the black bear.
The black bear is almost dead.
The black bear bites you.
* * * LOW HITPOINT WARNING * * *
The black bear claws you but does no damage.
The black bear claws you.
* * * LOW HITPOINT WARNING * * *
The black bear barely misses you. The black bear closely misses you.
The black bear claws you.
You die...

.....###..##.######.
..>.......... ...#.
.........##.####.#.
###..##...##........
#...................
#..##.#...)##.#.#.
#.................
#.###.#.##.##.#.#.
#@# #.#.##.##.#.##
#h# #.#.##.##.#..#
###+####)#
###.##.##.##.#
.ho)..)(##
#.##.##.##..
.......(#
####........
.......(# #.##.#.#.
........# #........
###+##(.. #.##.#...
#... #.##.....


You could see a black bear (berserk).

Vanquished Creatures
  A scorpion (D:4)
  3 adders
  3 worms
  6 orcs
  4 bats
  8 endoplasms
  A giant cockroach (D:1)
  11 goblins
  6 hobgoblins
  8 jackals
  3 kobolds
  2 quokkas (D:4)
  6 ball pythons
  2 frilled lizards
  2 rats
66 creatures vanquished.

Vanquished Creatures (collateral kills)
  An endoplasm (D:1)
  A goblin (D:2)
  A hobgoblin (D:1)
  3 jackals
  A frilled lizard (D:2)
  A rat (D:1)
8 creatures vanquished.

Grand Total: 74 creatures vanquished

Notes
Turn   | Place    | Note
-------+----------+-------------------------------------------
     0 | D:1      | Kazon the Demonspawn Necromancer began the quest for the
                  | Orb.
     0 | D:1      | Reached XP level 1. HP: 13/13 MP: 3/3
    38 | D:1      | Identified a scroll of acquirement
    38 | D:1      | Acquired a staff of death
    90 | D:1      | Gained mutation: You have a pair of small antennae on your
                  | head. [demonic ancestry]
    90 | D:1      | Reached XP level 2. HP: 19/19 MP: 3/5
   164 | D:1      | Reached skill level 5 in Necromancy
   465 | D:1      | Gained mutation: You are partially covered in rugged brown
                  | scales. (AC +1, +3% HP) [demonic ancestry]
   465 | D:1      | Reached XP level 3. HP: 19/24 MP: 3/6
   988 | D:2      | Reached XP level 4. HP: 28/31 MP: 2/7
  1099 | D:2      | Learned a level 3 spell: Vampiric Draining
  1156 | D:2      | Reached skill level 1 in Fighting
  1664 | D:3      | Found a blossoming altar of Fedhas.
  1683 | D:3      | Reached skill level 1 in Evocations
  1757 | D:3      | Found a stormy altar of Qazlal.
  1878 | D:3      | Found a faded altar of an unknown god.
  1928 | D:3      | Identified the +2 sling "Qeuhanocyt" {speed, rElec Str-3
                  | Dex+2}
  1991 | D:4      | Found a staircase to the Ecumenical Temple.
  1999 | Temple   | Entered the Ecumenical Temple
  2013 | Temple   | Became a worshipper of Warmaster Okawaru
  2059 | D:4      | Noticed a scorpion
  2067 | D:4      | Killed a scorpion
  2068 | D:4      | Reached skill level 1 in Staves
  2068 | D:4      | Gained mutation: You regenerate a little health from kills.
                  | [demonic ancestry]
  2068 | D:4      | Reached XP level 5. HP: 29/38 MP: 2/8
  2218 | D:4      | Noticed a black bear
  2243 | D:4      | Slain by a black bear

Illustrated notes

Levels and vault maps discovered:
D:1:      ebering_trefoil_3fold, layout_basic, st_stairs_14, serial_bayou_ford_a
D:2:      layout_basic, hangedman_decor_growths, minmay_close_crescents
D:3:      layout_rooms, mainiacjoe_overflow_concentric_impassable,
          mainiacjoe_overflow_paths, shapermc_ecumenical_altar_acropolis,
          chequers_serial_rivers_micro_b
D:4:      layout_basic, riverfiend_overflow_shadow_ancestor,
          minmay_temple_entry_glass, uniq_sigmund
Temple:   nicolae_temple_elliptical

Skill      XL: |  1  2  3  4 |
---------------+-------------+-----
Necromancy     | 5 |  5.3
Stealth        | 2 |  2.3
Dodging        | 2 |  2.1
Fighting       | 1 |  1.4
Evocations     | 1 |  1.6
Staves         | 1 |  1.1
Throwing       | |  0.7
Armour         | |  0.5
Spellcasting   | |  2.5
Invocations    | |  0.8

Action                     |  1- 3 |  4- 6 || total
---------------------------+-------+-------++-------
  Melee: Unarmed           |     6 |       ||     6
         Staff             |    62 |    66 ||   128
         Punch             |     1 |       ||     1
  Throw: Dart              |       |     5 ||     5
         Stone             |       |     1 ||     1
         Boomerang         |       |     1 ||     1
   Cast: Necrotise         |    40 |    37 ||    77
         Vampiric Draining |       |     2 ||     2
    Use: Scroll            |     1 |       ||     1
   Stab: Sleeping          |     5 |     6 ||    11
         Distracted        |     2 |     1 ||     3
 Armour: Robe              |     5 |    15 ||    20
  Dodge: Dodged            |    53 |    54 ||   107
